 Dungeon Crawl Stone Soup version 0.26.1-11-gd32895ea62 (webtiles) character file.

Game seed: 7946029942924831135

3096 Zeld the Slicer (level 9, -9/59 HPs)
             Began as an Octopode Brigand on May 13, 2021.
             Mangled by a hornet (15 damage)
             ... while paralysed by a hornet
             ... on level 8 of the Dungeon.
             The game lasted 00:14:40 (13134 turns).

Zeld the Slicer (Octopode Brigand)                 Turns: 13134, Time: 00:14:41

Health: -9/59      AC:  2    Str: 13    XL:     9   Next: 90%
Magic:  14/14      EV:  2    Int: 14    God:
Gold:   196        SH:  0    Dex: 13    Spells: 15/15 levels left

rFire    . . .     SeeInvis .   f - +2 dagger (vamp)
rCold    . . .     Faith    .   (no shield)
rNeg     . . .     Spirit   .   v - +1 hat
rPois    .         Reflect  .   s - amulet of the acrobat
rElec    .         Harm     .   (no ring)
rCorr    .         Rampage  .   (no ring)
Will     .....                  (no ring)
Stlth    ++++......             (no ring)
HPRegen  0.19/turn              (no ring)
MPRegen  0.14/turn              (no ring)
                                (no ring)
                                (no ring)

@: paralysed, slowed
A: almost no armour, stealthy swim, amphibious, 8 rings, constrict 8, camouflage
1, gelatinous body 1
a: no special abilities


You were on level 8 of the Dungeon.
You visited 2 branches of the dungeon, and saw 9 of its levels.

You collected 533 gold pieces.
You spent 337 gold pieces at shops.

Inventory:

Hand Weapons
 a - a +2 dagger
 f - a +2 vampiric dagger (weapon)
 r - a +2 dagger of venom
 x - a +3 dagger
Missiles
 b - 25 poisoned darts (quivered)
 c - 2 curare-tipped darts
 l - 7 atropa-tipped darts
Armour
 v - a +1 hat (worn)
Jewellery
 s - an amulet of the acrobat (around mantle)
Wands
 g - a wand of enslavement (4)
 z - a wand of paralysis (9)
 B - a wand of random effects (15)
Scrolls
 d - 3 scrolls of amnesia
 e - 6 scrolls of remove curse
 j - 6 scrolls of teleportation
 p - a scroll of magic mapping
 w - a scroll of holy word
 y - a scroll of noise {unknown}
Potions
 h - 2 potions of degeneration {unknown}
 i - a potion of mutation {unknown}
 k - 3 potions of curing {unknown}
 m - 3 potions of flight
 n - 2 potions of heal wounds {unknown}
 q - 2 potions of berserk rage {unknown}
 t - 2 potions of cancellation {unknown}
 u - 3 potions of haste {unknown}
 A - a potion of resistance {unknown}
 C - a potion of attraction {unknown}


   Skills:
 * Level 4.6 Fighting
 - Level 10.0 Short Blades
 - Level 6.0 Throwing
 * Level 4.2 Dodging
 - Level 5.3 Stealth
 * Level 3.6 Spellcasting


You had 15 spell levels left.
You didn't know any spells.
Your spell library contained the following spells:

 Spells                   Type           Power        Failure   Level
 Shock                    Conj/Air       8%           21%         1
 Passwall                 Tmut/Erth      1%           30%         2
 Swiftness                Air            2%           30%         2
 Passage of Golubria      Tloc           N/A          90%         4
 Lee's Rapid Deconstruct  Erth           1%           99%         5
 Invisibility             Hex            2%           100%        6


Dungeon Overview and Level Annotations

Branches:
Dungeon (8/15)             Temple (1/1) D:5
   Lair: D:8-11

Altars:
Ashenzari
Cheibriados
Dithmenos
Elyvilon
Gozag
Hepliaklqana
Kikubaaqudgha
Okawaru
Ru
Sif Muna
Trog
Uskayaw
Vehumet
Wu Jian
Xom
Yredelemnul
Zin
The Shining One
Lugonu

Shops:
D:4 }*   D:6 [*   D:7 :


Innate Abilities, Weirdness & Mutations

You cannot wear most types of armour.
You are very stealthy in the water. (Stealth+)
You are amphibious.
You can wear up to eight rings at the same time.
You can use your tentacles to constrict eight enemies at once.
Your skin changes colour to match your surroundings (Stealth+).
Your rubbery body absorbs attacks. (AC +1, EV +1)


Message History

The hornet stings you.
You feel yourself slow down.
You hit the hornet but do no damage.
You squeeze the hornet, but do no damage.
The hornet is heavily wounded.
You feel yourself speed up.
You constrict the hornet. The hornet stings you!
You feel yourself slow down.
You barely miss the hornet.
The hornet is heavily wounded.
You constrict the hornet. The hornet completely misses you.
You hit the hornet but do no damage.
You squeeze the hornet, but do no damage.
The hornet is severely wounded.
You feel yourself speed up.
You constrict the hornet. The hornet barely misses you. The hornet stings you!
You suddenly lose the ability to move!
You lose your grip on the hornet.
The hornet stings you!!
* * * LOW HITPOINT WARNING * * *
You feel yourself slow down. The hornet stings you!
You die...

#.......#'######.......###
#......((.....##.....#.##.
#......[(.....##.....#..#.
#.............##.....##.#.
###.###.......##.....+....
#.# #.......##.....##.##
#.# #..(....##..........
#.# #..y....##......#..#
#.# #..@....# .....##.#
#.###.......# .... #..
#...[[####### .... ##.
####.## ### #. #.# ##
####.####### #
#..........# #
#...<......# #..........#


You could see a hornet (poisoned).

Vanquished Creatures
  Grum (D:8)
  A water moccasin (D:7)
  3 sky beasts
  2 ice beasts
  A black bear (D:6)
  2 ogres (D:7)
  A centaur (D:8)
  A phantom (D:6)
  3 wolves (D:8)
  A bullfrog (D:7)
  A water moccasin skeleton (D:7)
  2 scorpions
  5 wights
  A howler monkey (D:7)
  A bullfrog zombie (D:6)
  5 hounds
  A jelly (D:7)
  A centaur skeleton (D:6)
  4 orc priests
  9 orc wizards
  3 bullfrog skeletons
  5 worker ants
  2 hound zombies (D:7)
  8 gnolls
  13 adders
  2 shadow imps
  5 white imps
  3 ufetubi
  An ooze (D:1)
  An adder skeleton (D:4)
  4 worms
  4 dart slugs
  4 leopard geckos
  40 orcs
  2 ball pythons
  7 bats
  3 giant cockroaches
  8 goblins
  4 hobgoblins
  9 jackals
  4 quokkas
  7 frilled lizards
  2 gnoll zombies (D:2)
  A jackal zombie (D:5)
  9 kobolds
  5 rats
202 creatures vanquished.

Notes
Turn   | Place    | Note
-------+----------+-------------------------------------------
     0 | D:1      | Zeld the Octopode Brigand began the quest for the Orb.
     0 | D:1      | Reached XP level 1. HP: 14/14 MP: 1/1
    17 | D:2      | Reached XP level 2. HP: 19/19 MP: 2/2
    76 | D:3      | Reached skill level 3 in Short Blades
    76 | D:3      | Reached XP level 3. HP: 24/24 MP: 3/3
   270 | D:3      | HP: 1/24 [goblin/+0 dagger (3)]
   753 | D:4      | Reached skill level 4 in Short Blades
   753 | D:4      | Reached XP level 4. HP: 13/29 MP: 4/4
  1088 | D:4      | Found Jadghat's Gadget Shop.
  1093 | D:4      | Bought a wand of enslavement (4) for 66 gold pieces
  1096 | D:4      | Found a snail-covered altar of Cheibriados.
  1125 | D:4      | Reached skill level 5 in Short Blades
  1125 | D:4      | Reached XP level 5. HP: 23/34 MP: 5/5
  1232 | D:4      | Found Gozag's Platinum Reserve.
  1235 | D:4      | Found an opulent altar of Gozag.
  1731 | D:5      | Entered Level 5 of the Dungeon
  1821 | D:5      | Reached skill level 6 in Short Blades
  2184 | D:4      | Reached XP level 6. HP: 19/39 MP: 6/6
  3251 | D:5      | Found a broken altar of Ashenzari.
  3500 | D:5      | Noticed a sky beast
  3576 | D:5      | Found a staircase to the Ecumenical Temple.
  3585 | Temple   | Entered the Ecumenical Temple
  5008 | D:2      | Found an iron altar of Okawaru.
  5095 | D:2      | Found a basalt altar of Yredelemnul.
  5236 | D:2      | Reached skill level 7 in Short Blades
  5353 | D:2      | Found a bloodstained altar of Trog.
  5364 | D:2      | Found a shimmering blue altar of Sif Muna.
  5374 | D:2      | Identified Sif Muna's Collected Works on Air
  5590 | D:2      | Reached XP level 7. HP: 45/45 MP: 7/7
  6312 | D:3      | Reached skill level 8 in Short Blades
  7315 | D:5      | Reached skill level 9 in Short Blades
  7315 | D:5      | Reached XP level 8. HP: 45/50 MP: 8/8
  7405 | D:4      | Found a hazy altar of Hepliaklqana.
  7405 | D:4      | Found a radiant altar of Vehumet.
  8366 | D:6      | Found Joulegaf's Assorted Antiques.
  8369 | D:6      | Bought a scroll labelled UGE CUXKATOUBB for 29 gold pieces
  8369 | D:6      | Bought a coppery potion for 26 gold pieces
  8369 | D:6      | Bought a scroll of remove curse for 87 gold pieces
  8369 | D:6      | Bought a scroll labelled APPYANIFIKK for 29 gold pieces
  8394 | D:6      | Found Teyr Eniuho's Antique Armour Shoppe.
  8406 | D:6      | Bought a hat for 100 gold pieces
  8457 | D:6      | Reached skill level 10 in Short Blades
 10034 | D:6      | Reached skill level 5 in Throwing
 10359 | D:7      | Reached XP level 9. HP: 50/51 MP: 9/9
 11037 | D:6      | Reached skill level 1 in Spellcasting
 11719 | D:7      | Found Byjoiph's Book Shop.
 12621 | D:8      | Noticed Grum
 12657 | D:8      | Killed Grum
 12938 | D:8      | Noticed a hornet
 13132 | D:8      | Paralysed by a hornet for 2 turns
 13134 | D:8      | Mangled by a hornet

Illustrated notes

Levels and vault maps discovered:
D:1:      dpeg_arrival_simpleton_b, layout_basic, minmay_misc_feat_rugged,
          serial_bayou_ford_a, bh_walls_and_bars
D:2:      cheibrodos_pilgrimage, layout_rooms,
          nzn_overflow_gifts_of_might_and_magic,
          lemuel_zombie_altar_yredelemnul, overflow_temple_1_default
D:3:      layout_loops_ring
D:4:      layout_basic, nicolae_overflow_hidden_temple,
          nicolae_gozag_zags_fifth_avenue, cheibriados_altar_1, serial_shops,
          shop, serial_curves, eino_curves_04, eino_curves_03
D:5:      layout_loops_corners, nicolae_ashenzari_panopticon, temple_pool_b,
          serial_glass, glass_columns_a, glass_columns_a, glass_columns_b,
          glass_columns_a
D:6:      layout_gridville, serial_shops, shop, kennysheep_mini,
          minmay_checkerbox
D:7:      layout_basic, serial_shops, shop, minmay_bent
D:8:      layout_basic, uniq_grum
Temple:   corrupted_temple

Skill      XL: |  1  2  3  4  5  6  7  8  9 |
---------------+----------------------------+-----
Short Blades   | 3 4 5 6 7 9 10 | 10.0
Throwing       | 5 6 |  6.0
Spellcasting   | 3 |  3.6
Dodging        | 4 |  4.2
Fighting       | 4 |  4.6
Stealth        | |  5.3

Action                   |  1- 3 |  4- 6 |  7- 9 || total
-------------------------+-------+-------+-------++-------
Melee: Dagger            |    30 |   187 |   469 ||   686
       Constrict         |     9 |    48 |    84 ||   141
       Tentacles         |     4 |    46 |   106 ||   156
Throw: Dart              |       |       |    36 ||    36
  Use: Scroll            |       |       |    17 ||    17
 Stab: Sleeping          |       |    17 |    21 ||    38
Armor: Skin              |       |    10 |    11 ||    21
Dodge: Dodged            |    11 |    99 |   210 ||   320
